 Dungeon Sprint DCSS version 0.29.1-2-gbd0b4ee654 (webtiles) character file.

Game seed: 7693451571814705292

2212 Groucho the Unseen (level 9, -1/46 HPs)
             Began as a Spriggan Enchanter on Oct 27, 2022.
             Was an Initiate of Gozag.
             Slain by a flayed ghost (24 damage)
             ... in the Dungeon (Sprint VII: "The Pits").
             The game lasted 00:10:33 (3097 turns).

Groucho the Unseen (Spriggan Enchanter)             Turns: 3097, Time: 00:10:33

Health: -1/46      AC:  2    Str:  8    XL:     9   Next: 13%
Magic:  20/23      EV: 27    Int: 19    God:    Gozag
Gold:   2700       SH:  0    Dex: 16    Spells: 21/26 levels left

rFire   . . .      SeeInvis +   a - +2 dagger
rCold   . . .      Faith    .   (no shield)
rNeg    . . .      Spirit   .   b - +0 robe
rPois   .          Reflect  .   (helmet restricted)
rElec   .          Harm     .   (no cloak)
rCorr   .          Rampage  .   (gloves unavailable)
Will    +....      NoTele   +   (boots unavailable)
Stlth   ++++++....              (no amulet)
HPRegen 0.15/turn               q - +3 ring of evasion
MPRegen 0.18/turn               r - +3 ring of intelligence

@: confusing by touch, flayed, very quick
A: very small, no large weapons, unfitting armour, see invisible, speed 3
a: Renounce Religion, Potion Petition, Call Merchant, Bribe Branch


You were in the Dungeon.
You worshipped Gozag.
Gozag was most pleased with you.
You visited 1 branch You collected 2700 gold pieces.

Inventory:

Hand Weapons
 a - a +2 dagger (weapon)
 n - a +1 dagger of electrocution
 s - a +2 rapier of distortion
Missiles
 j - 7 stones (quivered)
Armour
 b - a +0 robe (worn)
 p - a +0 buckler
Jewellery
 q - a +3 ring of evasion (left hand)
 r - a +3 ring of intelligence (right hand)
Scrolls
 i - a scroll of blinking
 k - 5 scrolls of amnesia
 l - a scroll of summoning
 m - 2 scrolls of vulnerability
Potions
 c - 4 potions of invisibility
 d - 7 potions of curing
 e - 7 potions of heal wounds
 f - 5 potions of haste
 g - 4 potions of magic
 h - 5 potions of berserk rage
 o - a potion of degeneration {unknown}
 t - 2 potions of brilliance


   Skills:
 + Level 4.8 Fighting
 * Level 9.3 Short Blades
 * Level 11.3 Dodging
 * Level 16.6 Stealth
 + Level 9.4 Spellcasting
 * Level 12.0 Hexes


You had 21 spell levels left.
You knew the following spells:

 Your Spells              Type           Power      Damage    Failure   Level
a - Ensorcelled Hibernat  Hex/Ice        62%        N/A       1%          2
b - Confusing Touch       Hex            53%        N/A       1%          3

Your spell library contained the following spells:

 Spells                   Type           Power      Damage    Failure   Level
 Dazzling Flash           Conj/Hex       62%        N/A       1%          3
 Tukima's Dance           Hex            53%        N/A       1%          3


Dungeon Overview and Level Annotations

Branches:
Dungeon (1/1)

Altars:
Ashenzari
Cheibriados
Dithmenos
Elyvilon
Fedhas
Gozag
Hepliaklqana
Kikubaaqudgha
Makhleb
Nemelex Xobeh
Okawaru
Qazlal
Ru
Sif Muna
Trog
Uskayaw
Vehumet
Wu Jian
Xom
Yredelemnul
Zin
The Shining One
Jiyva
Lugonu


Innate Abilities, Weirdness & Mutations

You are very small and have problems with some larger weapons.
You are too small for most types of armour.
You have supernaturally acute eyesight. (SInv)
You cover ground extremely quickly. (Speed+++)


Message History

No target in view!
Unknown command.
Unknown command.
You now have 2700 gold pieces (gained 36).
You start resting.
A flayed ghost is nearby!
Casting: Confusing Touch (safe; 1% risk of failure)
Confirm with . or Enter, or press ? or * to list all spells.
You can't see any susceptible monsters within range! (Use Z to cast anyway.)
Casting: Confusing Touch (safe; 1% risk of failure)
Confirm with . or Enter, or press ? or * to list all spells.
Okay, then.
There is a huge open gate to the Metal Vault (Medium) here.
There is a huge open gate to the Metal Vault (Medium) here.
Things that are here:
a +0 whip; a +0 ring mail
There is a huge open gate to the Metal Vault (Medium) here.
There is a huge open gate to the Metal Vault (Medium) here.
There is a huge open gate to the Metal Vault (Medium) here.
Things that are here:
a +0 whip; a +0 ring mail You start waiting.
A flayed ghost is nearby!
The flayed ghost cries, "Feel what I felt!"
Terrible wounds open up all over your body!
Casting: Confusing Touch (safe; 1% risk of failure)
Confirm with . or Enter, or press ? or * to list all spells.
Your hands begin to glow red.
The flayed ghost cries, "Feel what I felt!"
Terrible wounds spread across more of your body!
You barely miss the flayed ghost.
You hit the flayed ghost but do no damage.
The flayed ghost cries, "Feel what I felt!"
Terrible wounds spread across more of your body!
You hit the flayed ghost but do no damage.
You hit the flayed ghost but do no damage.
The flayed ghost hits you!!
Ouch! That really hurt!
You die...
Your body crumbles into a pile of gold.

______.# ______.#
____...###########++######
######'##................#
.')))')##......#..#......#
######.##................+
...).)..))..)............+
###)#####......#..#......#
.#..#..##...)...@W.......#
.'..)..#####'#####)'######
'####)###.......##''#####
.......##.......##......#
.......##.......##......#
###'#####...<...###....##
.[).)..##.......# ##''##
.[)))..##.......# #....#
#########.......##......#


You could see a flayed ghost.

Vanquished Creatures
  A phantasmal warrior (D)
  A cyclops (D)
  A ynoxinul (D)
  2 water moccasins (D)
  2 floating eyes (D)
  Pargi (D)
  A bullfrog (D)
  A necrophage (D)
  2 scorpions (D)
  A gnoll sergeant (D)
  3 killer bees (D)
  3 gnoll boudas (D)
  Jessica (D)
  2 orc wizards (D)
  10 gnolls (D)
  2 orcs (D)
  2 ball pythons (D)
  An endoplasm (D)
  A hobgoblin (D)
  4 jackals (D)
  2 kobolds (D)
  2 quokkas (D)
  A bat (D)
  A frilled lizard (D)
48 creatures vanquished.

Notes
Turn   | Place    | Note
-------+----------+-------------------------------------------
     0 | D        | Groucho the Spriggan Enchanter began the quest for the Orb.
     0 | D        | Reached XP level 1. HP: 9/9 MP: 5/5
    11 | D        | Reached skill level 5 in Stealth
    55 | D        | Found a bloodstained altar of Trog.
    55 | D        | Found a shimmering blue altar of Sif Muna.
    55 | D        | Found a viscous altar of Jiyva.
    55 | D        | Found a hazy altar of Hepliaklqana.
    55 | D        | Found an opulent altar of Gozag.
    56 | D        | Found a glowing golden altar of the Shining One.
    56 | D        | Found a glowing silver altar of Zin.
    56 | D        | Found a basalt altar of Yredelemnul.
    56 | D        | Found a shimmering altar of Xom.
    56 | D        | Found an ornate altar of the Wu Jian Council.
    56 | D        | Found a sacrificial altar of Ru.
    56 | D        | Found a stormy altar of Qazlal.
    56 | D        | Found an iron altar of Okawaru.
    56 | D        | Found a sparkling altar of Nemelex Xobeh.
    56 | D        | Found a burning altar of Makhleb.
    56 | D        | Found a blossoming altar of Fedhas.
    56 | D        | Found a white marble altar of Elyvilon.
    56 | D        | Found a shadowy altar of Dithmenos.
    56 | D        | Found a snail-covered altar of Cheibriados.
    58 | D        | Found a radiant altar of Vehumet.
    58 | D        | Found a corrupted altar of Lugonu.
    59 | D        | Found a hide-covered altar of Uskayaw.
    59 | D        | Found an ancient bone altar of Kikubaaqudgha.
    59 | D        | Found a broken altar of Ashenzari.
    65 | D        | Became a worshipper of Gozag Ym Sagoz the Greedy
    81 | D        | Reached skill level 6 in Stealth
    83 | D        | Noticed a floating eye
    91 | D        | Reached XP level 2. HP: 12/13 MP: 5/7
    91 | D        | Paralysed by a floating eye for 4 turns
    99 | D        | Killed a floating eye
   100 | D        | Reached skill level 10 in Stealth
   100 | D        | Reached XP level 3. HP: 16/16 MP: 6/11
   100 | D        | Reached XP level 4. HP: 21/21 MP: 7/13
   105 | D        | Learned a level 2 spell: Ensorcelled Hibernation
   109 | D        | Learned a level 3 spell: Confusing Touch
   447 | D        | Noticed a water moccasin
   447 | D        | Noticed a scorpion
   450 | D        | Killed a water moccasin
   451 | D        | Reached skill level 1 in Fighting
   451 | D        | Reached skill level 5 in Dodging
   451 | D        | Reached skill level 12 in Stealth
   451 | D        | Reached XP level 5. HP: 22/25 MP: 15/15
   462 | D        | Reached XP level 6. HP: 8/30 MP: 9/16
  1144 | D        | Noticed Pargi
  1156 | D        | Killed Pargi
  1157 | D        | Reached skill level 5 in Short Blades
  1157 | D        | Reached skill level 13 in Stealth
  1283 | D        | Noticed a floating eye
  1290 | D        | Paralysed by a floating eye for 2 turns
  1297 | D        | Killed a floating eye
  1298 | D        | Reached XP level 7. HP: 35/35 MP: 19/19
  1778 | D        | Noticed Jessica
  1780 | D        | Killed Jessica
  1783 | D        | Noticed a ynoxinul
  1785 | D        | Killed a ynoxinul
  1786 | D        | Reached skill level 14 in Stealth
  1786 | D        | Reached skill level 10 in Hexes
  1804 | D        | Reached XP level 8. HP: 42/42 MP: 13/21
  2032 | D        | Noticed a cyclops
  2037 | D        | Reached skill level 15 in Stealth
  2074 | D        | Killed a cyclops
  2075 | D        | Reached skill level 10 in Dodging
  2671 | D        | Noticed a phantasmal warrior
  2717 | D        | Killed a phantasmal warrior
  2718 | D        | Reached skill level 16 in Stealth
  2718 | D        | Reached XP level 9. HP: 43/46 MP: 15/23
  2996 | D        | Noticed a merfolk
  3046 | D        | Noticed a flayed ghost
  3097 | D        | Slain by a flayed ghost

Illustrated notes

Levels and vault maps discovered:
D:        pitsprint [storerooms_1, entrance_room_1, metal_vault_2, armoury_1,
          mini_pit_1, grid_room_1, main_hall_1, silver_pit, the_coven_1,
          the_vestibule_1, steel_vault_1, golden_pit, hallway_of_sentries,
          crystal_vault_6, iron_vault_5, final_vault]

Skill      XL: |  1  2  3  4  5  6  7  8  9 |
---------------+----------------------------+-----
Stealth        | 6 10 12 13 14 16 | 16.6
Spellcasting   | 3 6 7 8 9 |  9.4
Hexes          | 4 6 7 8 9 10 11 12 | 12.0
Fighting       | 1 2 3 4 |  4.8
Short Blades   | 3 4 5 7 9 |  9.3
Dodging        | 5 7 9 11 | 11.3

Action                   |  1- 3 |  4- 6 |  7- 9 || total
-------------------------+-------+-------+-------++-------
Melee: Dagger            |    17 |    36 |    76 ||   129
       Punch             |       |     2 |       ||     2
Throw: Stone             |       |       |     3 ||     3
 Cast: Ensorcelled Hiber |       |    12 |    27 ||    39
       Confusing Touch   |       |       |     9 ||     9
  Use: Potion            |       |     1 |     1 ||     2
 Stab: Sleeping          |     4 |     8 |    17 ||    29
       Distracted        |       |     2 |     1 ||     3
       Confused          |       |       |     7 ||     7
Armor: Robe              |       |     1 |     1 ||     2
Dodge: Dodged            |     4 |    12 |    40 ||    56
